 Dungeon Crawl Stone Soup version 0.32-a0-841-g4648e6c457 (webtiles) character file.

Game seed: 2381091271459432489

823 lunkers the Cleaver (level 7, -10/50 HPs)
             Began as a Coglin Gladiator on Mar 25, 2024.
             Mangled by Pikel
             ... wielding a +2 whip of electrocution
              (15 damage)
             ... on level 6 of the Dungeon on Mar 27, 2024.
             The game lasted 00:06:15 (4348 turns).

lunkers the Cleaver (Coglin Gladiator)              Turns: 4348, Time: 00:06:15

Health: -10/50     AC:  9    Str: 16    XL:     7   Next: 96%
Magic:  7/7        EV:  9    Int:  8    God:
Gold:   292        SH:  0    Dex: 15    Spells: 6/6 levels left

rFire   . . .        a - +0 war axe {Surjit}
rCold   . . .        y - +0 war axe (flame) {Surin}
rNeg    . . .        p - +0 scale mail
rPois   .            t - +2 helmet
rElec   .            (no cloak)
rCorr   .            (no gloves)
SInv    .            (no boots)
Will    .....        (amulet unavailable) Stlth
                     (ring unavailable)
HPRegen 0.28/turn    (ring unavailable)
MPRegen 0.10/turn    (no gizmo)

%: no passive effects
@: revved
A: off-hand wielding, slow wielding, warmup strikes, no jewellery
a: Invent Gizmo


You were on level 6 of the Dungeon.
You visited 1 branch of the dungeon, and saw 6 of its levels.

You collected 292 gold pieces.

Inventory:

Hand Weapons
 a - a +0 war axe (weapon) {Surjit}
 f - a +0 dagger {Chang}
 s - a +2 dagger of pain {Jia}
 y - a +0 war axe of flaming (offhand) {Surin}
Missiles
 d - 3 throwing nets
 e - a javelin
Armour
 c - a +2 leather armour of poison resistance
 p - a +0 scale mail (worn)
 t - a +2 helmet (worn)
Wands
 b - a wand of polymorph (19)
Scrolls
 g - 3 scrolls of teleportation {unknown}
 h - a scroll of enchant weapon {unknown}
 i - a scroll of acquirement {unknown}
 j - a scroll of poison {unknown}
 k - 3 scrolls of vulnerability {unknown}
 q - a scroll of revelation {unknown}
 v - 2 scrolls of identify {unknown}
 w - a scroll of brand weapon {unknown}
 x - a scroll of butterflies {unknown}
Potions
 l - a potion of invisibility {unknown}
 m - 2 potions of cancellation {unknown}
 n - 5 potions of curing {unknown}
 o - 6 potions of might {unknown}
 r - 4 potions of degeneration {unknown}
 u - 3 potions of heal wounds {unknown}
 z - a potion of lignification {unknown}
 A - 2 potions of berserk rage {unknown}


   Skills:
 - Level 2.0 Fighting
 + Level 9.2 Axes
 - Level 1.7 Throwing
 - Level 2.6 Dodging


You had 6 spell levels left.
You didn't know any spells.
Your spell library contained the following spells:

 Spells                   Type           Power      Damage    Failure   Level
 Magic Dart               Conj           0%         1d3       86%         1
 Shock                    Conj/Air       0%         1d3       86%         1
 Summon Small Mammal      Summ           0%         N/A       86%         1
 Blink                    Tloc           0%         N/A       94%         2
 Call Imp                 Summ           0%         N/A       94%         2
 Call Canine Familiar     Summ           0%         N/A       99%         3
 Swiftness                Air            0%         N/A       99%         3
 Tukima's Dance           Hex            0%         N/A       99%         3
 Airstrike                Air            0%         2d(0-16)  100%        4
 Passage of Golubria      Tloc           0%         N/A       100%        4
 Summon Blazeheart Golem  Fire/Summ      0%         N/A       100%        4
 Yara's Violent Unravell  Hex/Alch       0%         3d3       100%        5


Dungeon Overview and Level Annotations

Branches:
Dungeon (6/15)
 Temple: D:4-7

Altars:
Ashenzari
Trog
Vehumet

Shops:
D:1 *

Annotations:
D:6 Pikel


Innate Abilities, Weirdness & Mutations

You can wield a second weapon in your off-hand.
It takes a long time for you to wield or remove held weapons.
Your first few attacks do less damage.
You cannot equip rings or amulets.


Message History

You closely miss the lemure with your +0 war axe.
You barely miss the lemure with your +0 war axe of flaming.
The lemure hits you.
Okay, then.
You hit the lemure with your +0 war axe.
The lemure is moderately wounded.
You slash the lemure with your +0 war axe of flaming!
You burn the lemure.
An iguana comes into view.
A lemure comes into view.
The lemure hits you but does no damage.
There is a stone staircase leading up here.
The lemure shouts!
A lemure comes into view.
The lemure attacks as it pursues you! The lemure hits you but does no damage.
The lemure shouts!
The lemure attacks as it pursues you! The lemure hits you.
You hit the lemure but do no damage.
The lemure is severely wounded.
You barely miss the lemure with your +0 war axe of flaming.
The lemure misses you.
You hit the lemure but do no damage.
The lemure is severely wounded.
You hit the lemure with your +0 war axe of flaming.
You burn the lemure. The lemure hits you!
You hit the lemure with your +0 war axe.
You kill the lemure!
That felt strangely unrewarding.
You miss Pikel with your +0 war axe.
You completely miss Pikel with your +0 war axe of flaming.
Pikel hits you with a +2 whip of electrocution!
You are electrocuted!!
* * * LOW HITPOINT WARNING * * *
You completely miss Pikel with your +0 war axe.
You closely miss Pikel with your +0 war axe of flaming.
Pikel hits you with a +2 whip of electrocution!
* * * LOW HITPOINT WARNING * * *
You are electrocuted!
You die...
Pikel says, "See you in Hell!"

#.#[#. ###.#..
..... # ...
##.###l#######
##.....5.......
#.....55######.
#######K# #@#
#.# #.# #.# #.#
#.# ... #.#


You could see Pikel, 3 lemures and an iguana.

Vanquished Creatures
  Sigmund (D:3)
  2 ogres
  A black bear (D:5)
  A centaur (D:5)
  A lemure (D:6)
  A bombardier beetle (D:5)
  A hound (D:5)
  2 iguanas
  An orc wizard (D:5)
  A sleepcap (D:5)
  Robin (D:3)
  6 adders
  A dart slug (D:2)
  9 orcs (D:5)
  5 ball pythons
  7 endoplasms
  2 giant cockroaches
  15 goblins
  9 hobgoblins
  4 jackals (D:4)
  4 quokkas
  11 bats
  5 frilled lizards
  8 kobolds
  7 rats
106 creatures vanquished.

Notes
Turn   | Place    | Note
-------+----------+-------------------------------------------
     0 | D:1      | lunkers the Coglin Gladiator began the quest for the Orb.
     0 | D:1      | Reached XP level 1. HP: 16/16 MP: 1/1
   116 | D:1      | Reached XP level 2. HP: 22/22 MP: 2/2
   395 | D:1      | Reached skill level 4 in Axes
   514 | D:1      | Reached XP level 3. HP: 27/27 MP: 3/3
   659 | D:1      | Found Nocaff's General Store.
  1608 | D:2      | Reached XP level 4. HP: 33/33 MP: 4/4
  1751 | D:3      | Noticed Robin
  1770 | D:2      | Reached skill level 5 in Axes
  1872 | D:3      | Killed Robin
  1965 | D:3      | Noticed Sigmund
  1973 | D:3      | Killed Sigmund
  1974 | D:3      | Reached skill level 6 in Axes
  1974 | D:3      | Reached XP level 5. HP: 27/38 MP: 5/5
  1974 | D:3      | Reached XP level 6. HP: 31/44 MP: 6/6
  2336 | D:4      | Found a broken altar of Ashenzari.
  2581 | D:4      | Reached skill level 7 in Axes
  3331 | D:5      | Entered Level 5 of the Dungeon
  3346 | D:5      | Reached skill level 8 in Axes
  3346 | D:5      | Reached XP level 7. HP: 36/50 MP: 7/7
  3747 | D:5      | Reached skill level 9 in Axes
  4254 | D:5      | Found a bloodstained altar of Trog.
  4255 | D:5      | Found a radiant altar of Vehumet.
  4337 | D:6      | Noticed Pikel
  4338 | D:6      | Upgraded the game from 0.32-a0-834-geaf45d8e21 to
                  | 0.32-a0-841-g4648e6c457
  4348 | D:6      | Mangled by Pikel

Illustrated notes

Levels and vault maps discovered:
D:1:      onia_arrival_mini_maze_b, layout_basic, serial_shops, shop
D:2:      layout_basic
D:3:      layout_rooms, uniq_sigmund, uniq_robin
D:4:      layout_gridville, evilmike_ruin_ashenzari
D:5:      layout_cave_pods, gammafunk_temple_overflow_pools
D:6:      layout_basic, lemuel_round_altar, st_stairs_2, uniq_pikel

Skill      XL: |  1  2  3  4  5  6  7 |
---------------+----------------------+-----
Axes           | 4 6 8 9 |  9.2
Fighting       | |  2.0
Throwing       | |  1.7
Dodging        | |  2.6

Action                     |  1- 3 |  4- 6 |  7- 9 || total
---------------------------+-------+-------+-------++-------
  Melee: War axe           |    96 |    95 |    49 ||   240
         Dagger            |    84 |    97 |    35 ||   216
 Armour: Leather armour    |    49 |       |       ||    49
         Scale mail        |    26 |   107 |    47 ||   180
  Dodge: Dodged            |    59 |    71 |    22 ||   152

Table legend: (Time is in decaauts)
 A = Elapsed time spent in this place.
 B = Non-inter-level travel time spent in this place.
 C = Inter-level travel time spent in this place.
 D = Time resting spent in this place.
 E = Time spent auto-exploring this place.
 F = Levels seen in this place.
 G = Mean time per level.
                   A        B        C        D        E       F      G
               +--------+--------+--------+--------+--------+-----+--------+
         Total |   4376 |   4140 |    236 |     69 |   3392 |   6 |  729.3 |
       Dungeon |   4376 |   4140 |    236 |     69 |   3392 |   6 |  729.3 |
               +--------+--------+--------+--------+--------+-----+--------+

Top non-repeatable levels by time:
     D:1: 1203 daAuts
     D:4: 1009 daAuts
     D:5: 1007 daAuts
     D:2: 655 daAuts
     D:3: 489 daAuts
     D:6: 11 daAuts
